 Dungeon Crawl Stone Soup version 0.28-a0-1482-gfc45454 (webtiles) character file.

Game seed: 2418063793951842376

4025 Illumine the Grappler (level 10, -8/73 (97) HPs)
             Began as a Troll Monk on Jan 10, 2022.
             Was a Priest of Ru.
             Shot with a sling bullet by Joseph (13 damage)
             ... on level 9 of the Dungeon on Jan 11, 2022.
             The game lasted 00:15:19 (7596 turns).

Illumine the Grappler (Troll Monk)                  Turns: 7596, Time: 00:15:20

HP:   -8/73 (97)    AC:  5    Str: 25    XL:     10   Next: 4%
MP:   9/9           EV: 11    Int:  6    God:    Ru [***...]
Gold: 589           SH:  5    Dex: 12    Spells: 9/9 levels left

rFire   . . .      SeeInvis .     - Unarmed
rCold   . . .      Faith    .   (no shield)
rNeg    . . .      Spirit   .   a - +0 robe
rPois   .          Reflect  +   (helmet restricted)
rElec   .          Harm     .   F - +0 cloak
rCorr   .          Rampage  .   (gloves unavailable)
Will    .....                   (boots unavailable)
Stlth   ++........              x - amulet of reflection
HPRegen 1.02/turn               (no ring)
MPRegen 0.11/turn               (no ring)

@: studying Short Blades, heavily drained
A: large, unfitting armour, claws 3, regeneration 1, shaggy fur 1, tough skin 1,
inability to use devices, no fire magic, no hexes magic, no necromancy magic
a: Renounce Religion, Draw Out Power


You were on level 9 of the Dungeon.
You worshipped Ru.
Ru was most pleased with you.
You visited 2 branches of the dungeon, and saw 10 of its levels.
You also visited: Ossuary.

You collected 701 gold pieces.
You spent 112 gold pieces at shops.

Inventory:

Hand Weapons
 m - a +2 arbalest of flaming
Missiles
 h - 195 stones
 l - 2 boomerangs of dispersal
 q - 93 poisoned darts (quivered)
 u - 4 boomerangs
 y - 2 large rocks
Armour
 a - a +0 robe (worn)
 F - a +0 cloak (worn)
Jewellery
 f - a ring of willpower
 j - a ring of magical power
 r - a ring of ice
 x - an amulet of reflection (around neck)
Scrolls
 c - 5 scrolls of teleportation
 i - 5 scrolls of fog
 o - 2 scrolls of silence
 t - a scroll of magic mapping {unknown}
 w - 2 scrolls of enchant armour {unknown}
 B - 2 scrolls of fear {unknown}
 C - 2 scrolls of blinking {unknown}
 D - 3 scrolls of noise {unknown}
 E - 2 scrolls of identify
Potions
 b - 6 potions of heal wounds
 d - 4 potions of mutation
 e - 2 potions of ambrosia {unknown}
 g - 7 potions of curing
 k - 3 potions of might {unknown}
 n - a potion of haste {unknown}
 p - 2 potions of lignification {unknown}
 s - a potion of berserk rage {unknown}
 v - 3 potions of flight {unknown}
 z - a potion of invisibility
 A - a potion of brilliance {unknown}


   Skills:
 + Level 5.6 Fighting
 + Level 5.5 Throwing
 + Level 5.6 Dodging
 - Level 1.0 Stealth
 * Level 10.4 Unarmed Combat


You had 9 spell levels left.
You didn't know any spells.
Your spell library contained the following spells:

 Spells                   Type           Power      Damage    Failure   Level
 Passwall                 Tmut/Erth      0%         N/A       58%         2
 Static Discharge         Conj/Air       0%         N/A       58%         2
 Frozen Ramparts          Ice            0%         1d2       83%         3
 Swiftness                Air            0%         N/A       83%         3
 Ice Form                 Ice/Tmut       0%         N/A       99%         4
 Passage of Golubria      Tloc           0%         N/A       99%         4
 Summon Ice Beast         Ice/Summ       0%         N/A       99%         4
 Lightning Bolt           Conj/Air       0%         1d11      100%        5
 Orb of Destruction       Conj           0%         N/A       100%        7
 Spellforged Servitor     Conj/Summ      0%         N/A       100%        7
 Lehudib's Crystal Spear  Conj/Erth      0%         10d2      100%        8
 Maxwell's Capacitive Co  Air            0%         ∞         100%        8
 Ensorcelled Hibernation  Hex/Ice        Unusable   N/A       N/A         2
 Summon Guardian Golem    Hex/Summ       Unusable   N/A       N/A         3
 Silence                  Hex/Air        Unusable   N/A       N/A         5

Dungeon Overview and Level Annotations

Branches:
Dungeon (9/15)             Temple (1/1) D:4         Ossuary (visited)
   Lair: D:8-11         Orc: D:9-12

Altars:
Ashenzari
Cheibriados
Dithmenos
Elyvilon
Fedhas
Gozag
Hepliaklqana
Kikubaaqudgha
Makhleb
Nemelex Xobeh
Okawaru
Qazlal
Ru
Sif Muna
Trog
Uskayaw
Vehumet
Wu Jian
Xom
Yredelemnul
Zin
The Shining One

Shops:
D:6 !

Annotations:
D:6 3 runed translucent doors, cheechan's ghost, novice NaHu; lyrin's ghost, novice VSEE; mbeke's ghost, novice DjFE
D:9 Joseph


Innate Abilities, Weirdness & Mutations

You are too large for most types of armour.
You have claws for hands.
Your natural rate of healing is unusually fast.
You are covered in fur. (AC +1)
You have tough skin. (AC +1)
You cannot study or use magical devices.
You cannot study or cast Fire magic.
You cannot study or cast Hexes magic.
You cannot study or cast Necromancy magic.


Message History

You see here a howler monkey corpse.
Joseph, a Mercenary comes into view.
He is wielding a +0 quarterstaff, wearing a +3 leather armour of fire resistance and carrying a wand of acid (3).
Joseph shouts!
Joseph unwields a +0 quarterstaff.
Joseph wields a +0 hunting sling.
Joseph shoots a sling bullet.
The sling bullet misses you.
Joseph shoots a sling bullet.
The sling bullet hits you!
An orc warrior comes into view. It is wielding a +3 scimitar.
The orc warrior shouts!
You hear a shout!
You scratch the orc warrior but do no damage.
You claw the orc warrior!
The orc warrior is heavily wounded.
The orc warrior hits you with a +3 scimitar.
Joseph shoots a sling bullet.
The sling bullet hits you!
You claw the orc warrior!
The orc warrior is severely wounded.
You block the orc warrior's attack.
Joseph shoots a sling bullet.
The sling bullet hits you!!
You barely miss the orc warrior.
The orc warrior is severely wounded.
The orc warrior hits you with a +3 scimitar.
You scratch the orc warrior but do no damage.
You claw the orc warrior.
The orc warrior is almost dead.
Joseph shoots a sling bullet.
The sling bullet hits you!
The orc warrior hits you with a +3 scimitar!!
* * * LOW HITPOINT WARNING * * *
You mangle the orc warrior!!
You kill the orc warrior!
Joseph shoots a sling bullet.
The sling bullet barely misses you.
An orc wizard comes into view. It is wielding a +0 dagger.
An orc comes into view. It is wielding a +0 hand axe.
The orc shouts!
You redirect the orc wizard's attack!
The orc wizard hits you with a +0 dagger.
* * * LOW HITPOINT WARNING * * *
Things that are here:
a +3 scimitar; a +0 plate armour; an orc corpse You completely miss the orc wizard.
Joseph shoots a sling bullet.
The sling bullet hits you!
You die...

........@...............#
..#############@........#
#...........#.........#
#......<....#.........#
#...........#.........#
#...........#.........#
#...........#.........#
#........<..#.........#
..####'########@........#
#.............oo...†.....#
#........................#
#...######'#######.......#
#.. #............#.......#
#. #............#.......#
# ####.........#.......#
#.........#.......#
##.#......#.......#


You could see Joseph, an orc wizard and an orc.

Vanquished Creatures
  Pikel (D:7)
  Sigmund (D:4)
  A water moccasin (D:7)
  A hornet zombie (D:7)
  3 orc warriors
  A black bear (D:7)
  2 ogres
  6 centaurs
  Blork the orc (D:4)
  5 kobold brigands
  3 lemures (D:7)
  2 bullfrogs (D:8)
  A gnoll sergeant (D:5)
  A water moccasin zombie (D:6)
  4 scorpions
  A wyvern skeleton (D:6)
  A water moccasin skeleton (D:5)
  8 wights
  A howler monkey (D:9)
  A centaur zombie (D:6)
  2 bullfrog zombies (D:5)
  3 hounds
  Crazy Yiuf (D:2)
  2 orc priests
  A gnoll shaman (D:5)
  2 iguanas
  Terence (D:2)
  7 orc wizards
  8 mummies (Ossuary)
  4 gnolls
  11 adders
  3 white imps
  2 ufetubi
  An adder zombie (D:5)
  A worm (D:3)
  A dart slug (D:4)
  24 orcs
  10 ball pythons
  10 endoplasms
  5 giant cockroaches
  2 gnoll zombies (Ossuary)
  8 goblins
  6 hobgoblins
  37 kobolds
  A quokka (D:1)
  A bat (D:1)
  3 frilled lizards
  A hobgoblin zombie (Ossuary)
  2 kobold zombies (Ossuary)
  3 orc zombies (Ossuary)
  3 rats
211 creatures vanquished.

Notes
Turn   | Place    | Note
-------+----------+-------------------------------------------
     0 | D:1      | Illumine the Troll Monk began the quest for the Orb.
     0 | D:1      | Reached XP level 1. HP: 22/22 MP: 0/0
    14 | D:1      | Found a faded altar of an unknown god.
   248 | D:1      | Reached XP level 2. HP: 26/29 MP: 1/1
   578 | D:1      | Reached skill level 4 in Unarmed Combat
   851 | D:2      | Reached XP level 3. HP: 36/36 MP: 2/2
  1404 | D:2      | Noticed Terence
  1409 | D:2      | Killed Terence
  1410 | D:2      | Reached skill level 5 in Unarmed Combat
  1410 | D:2      | Reached XP level 4. HP: 32/44 MP: 3/3
  1614 | D:2      | Found a runed translucent door.
  1615 | D:2      | Noticed Crazy Yiuf
  1842 | D:2      | Upgraded the game from 0.28-a0-1447-ga5a8893 to
                  | 0.28-a0-1468-g6790c33
  1999 | D:3      | Reached skill level 1 in Throwing
  1999 | D:3      | Reached XP level 5. HP: 50/50 MP: 4/4
  2603 | D:4      | Reached skill level 6 in Unarmed Combat
  2662 | D:4      | Noticed Blork the orc
  2688 | D:4      | Killed Blork the orc
  2689 | D:4      | Reached XP level 6. HP: 10/59 MP: 5/5
  2980 | D:4      | Found a staircase to the Ecumenical Temple.
  2989 | Temple   | Entered the Ecumenical Temple
  3232 | Temple   | Became a worshipper of Ru the Awakened
  3258 | Temple   | Gained mutation: You cannot study or use magical devices.
                  | [Ru sacrifice]
  3258 | Temple   | Reached * piety under Ru
  3258 | Temple   | Reached ** piety under Ru
  3626 | D:4      | Noticed Sigmund
  3666 | D:4      | Killed Sigmund
  3667 | D:4      | Reached XP level 7. HP: 67/67 MP: 6/6
  3916 | D:5      | Entered Level 5 of the Dungeon
  4061 | D:5      | Reached skill level 7 in Unarmed Combat
  4700 | D:6      | Reached XP level 8. HP: 64/78 MP: 7/7
  4842 | D:5      | Reached skill level 8 in Unarmed Combat
  4895 | D:6      | Found Wouniezou's Distillery.
  4910 | D:6      | Bought a potion of heal wounds for 70 gold pieces
  4910 | D:6      | Upgraded the game from 0.28-a0-1468-g6790c33 to
                  | 0.28-a0-1482-gfc45454
  4910 | D:6      | Bought a potion of curing for 42 gold pieces
  5085 | D:6      | Found a runed translucent gate.
  5085 | D:6      | Found a runed translucent gate.
  5085 | D:6      | Found a runed translucent gate.
  5089 | D:6      | Noticed cheechan's ghost (novice NaHu)
  5089 | D:6      | Noticed lyrin's ghost (novice VSEE)
  5089 | D:6      | Noticed mbeke's ghost (novice DjFE)
  5282 | D:6      | Gained mutation: You cannot study or cast Fire magic. [Ru
                  | sacrifice]
  5282 | D:6      | Gained mutation: You cannot study or cast Hexes magic. [Ru
                  | sacrifice]
  5282 | D:6      | Gained mutation: You cannot study or cast Necromancy magic.
                  | [Ru sacrifice]
  5282 | D:6      | Reached *** piety under Ru
  5341 | D:7      | Noticed Pikel
  5369 | D:7      | Killed Pikel
  5370 | D:7      | Reached skill level 9 in Unarmed Combat
  5370 | D:7      | Reached XP level 9. HP: 56/85 MP: 8/8
  5449 | D:7      | Reached skill level 5 in Dodging
  5530 | D:7      | Found a sand-covered staircase.
  5548 | Ossuary  | Entered an ossuary
  5639 | Ossuary  | Reached skill level 5 in Fighting
  6002 | D:7      | Reached skill level 5 in Throwing
  6313 | D:8      | Reached skill level 10 in Unarmed Combat
  7371 | D:2      | Killed Crazy Yiuf
  7372 | D:2      | Reached XP level 10. HP: 44/68 MP: 9/9
  7532 | D:9      | Found a burning altar of Makhleb.
  7536 | D:9      | Noticed a cacodemon
  7575 | D:9      | Noticed Joseph
  7596 | D:9      | Shot with a sling bullet by Joseph

Illustrated notes

Levels and vault maps discovered:
D:1:      dpeg_arrival_orchard, layout_loops_corners,
          dreamdust_ecumenical_altar_statues, chequers_serial_rivers_large_a
D:2:      layout_basic, grunt_ministairs_3, uniq_terence,
          uniq_crazy_yiuf_cottage
D:3:      minmay_octagon_keep, layout_loops_cross
D:4:      minmay_chambers_of_twos, layout_gridville,
          minmay_temple_entry_steel_oval, nicolae_figureground_sparkle,
          uniq_sigmund, uniq_blork_the_orc
D:5:      layout_rooms, minmay_manual_mail
D:6:      layout_rooms, serial_shops, nicolae_stop_n_shop_2,
          gammafunk_ghost_cemetery
D:7:      layout_rooms, enter_ossuary_1, dk_noncrumbling_4, uniq_pikel
D:8:      layout_loops_ring
D:9:      layout_irregular_city, makhleb_altar_promises_db, uniq_joseph
Temple:   mainiacjoe_temple_starburst

Skill      XL: |  1  2  3  4  5  6  7  8  9 |
---------------+----------------------------+-----
Unarmed Combat | 4 5 6 7 9 10 | 10.4
Throwing       | 1 2 3 4 5 |  5.5
Dodging        | 3 4 5 |  5.6
Fighting       | 3 4 5 |  5.6
Stealth        | |  1.0

Action                   |  1- 3 |  4- 6 |  7- 9 | 10-12 || total
-------------------------+-------+-------+-------+-------++-------
Melee: Unarmed           |    59 |   117 |   355 |     7 ||   538
       Punch             |     1 |     2 |    15 |     2 ||    20
Throw: Stone             |       |     4 |     8 |       ||    12
       Dart              |       |       |     1 |       ||     1
Invok: Sacrifice Artific |       |     1 |       |       ||     1
       Sacrifice Arcana  |       |       |     1 |       ||     1
       Draw Out Power    |       |       |     1 |       ||     1
       Reject Sacrifices |       |       |     1 |       ||     1
  Use: Scroll            |       |     3 |     5 |       ||     8
 Stab: Sleeping          |     7 |     3 |     1 |       ||    11
Armor: Robe              |     7 |    34 |    60 |       ||   101
       Skin              |       |     2 |       |       ||     2
Dodge: Dodged            |    25 |    58 |   158 |     2 ||   243
Block: Other             |       |       |    52 |     1 ||    53
       Reflection        |       |       |     4 |       ||     4

Table legend: (Time is in decaauts)
 A = Elapsed time spent in this place.
 B = Non-inter-level travel time spent in this place.
 C = Inter-level travel time spent in this place.
 D = Time resting spent in this place.
 E = Time spent auto-exploring this place.
 F = Levels seen in this place.
 G = Mean time per level.
                   A        B        C        D        E       F      G
               +--------+--------+--------+--------+--------+-----+--------+
         Total |   7544 |   7021 |    523 |    478 |   4758 |  11 |  685.8 |
       Dungeon |   6960 |   6499 |    461 |    470 |   4440 |   9 |  773.3 |
        Temple |    304 |    242 |     62 |      0 |    232 |   1 |  304.0 |
       Ossuary |    278 |    278 |      0 |      8 |     86 |   1 |  278.0 |
               +--------+--------+--------+--------+--------+-----+--------+

Top non-repeatable levels by time:
     D:2: 1225 daAuts
     D:4: 1101 daAuts
     D:8: 981 daAuts
     D:5: 807 daAuts
     D:1: 805 daAuts
     D:3: 720 daAuts
     D:7: 674 daAuts
     D:6: 569 daAuts
  Temple: 304 daAuts
 Ossuary: 278 daAuts
     D:9: 74 daAuts
